 Dungeon Crawl Stone Soup version 0.28.0-53-g5a82cb258f (webtiles) character file.

Game seed: 7496102659631232153

1066 LustLizard the Chopper (level 8, -4/70 HPs)
             Began as a Minotaur Berserker on July 13, 2022.
             Was a Priest of Trog.
             Slain by a two-headed ogre
             ... wielding a +0 giant spiked club
              (24 damage)
             ... on level 6 of the Dungeon on July 14, 2022.
             The game lasted 00:08:11 (4723 turns).

LustLizard the Chopper (Minotaur Berserker)         Turns: 4723, Time: 00:08:12

Health: -4/70      AC: 15    Str: 23    XL:     8   Next: 7%
Magic:  7/7        EV: 10    Int:  4    God:    Trog [***...]
Gold:   269        SH:  3    Dex: 11    Spells: 7/7 levels left

rFire   . . .      SeeInvis .   k - +3 flail (protect)
rCold   . . .      Faith    .   n - +0 buckler
rNeg    . . .      Spirit   .   s - +2 ring mail {rPois}
rPois   +          Reflect  .   (helmet restricted)
rElec   .          Harm     .   (no cloak)
rCorr   .          Rampage  .   (no gloves)
Will    .....                   o - +0 pair of boots
Stlth   +.........              (no amulet)
HPRegen 0.21/turn               (no ring)
MPRegen 0.10/turn               (no ring)

@: under a protective aura
A: horns 2, retaliatory headbutt
a: Renounce Religion, Berserk, Trog's Hand


You were on level 6 of the Dungeon.
You worshipped Trog.
Trog was most pleased with you.
You visited 1 branch of the dungeon, and saw 6 of its levels.

You collected 269 gold pieces.

Inventory:

Hand Weapons
 a - a +0 hand axe
 k - a +3 flail of protection (weapon)
Missiles
 m - 85 stones (quivered)
 u - 2 boomerangs
 y - 22 poisoned darts
Armour
 b - a +0 animal skin
 j - a +0 scale mail
 n - a +0 buckler (worn)
 o - a +0 pair of boots (worn)
 s - a +2 ring mail of poison resistance (worn)
Wands
 z - a wand of paralysis (11)
 C - a wand of polymorph (8)
 D - a wand of flame (21)
Scrolls
 c - 4 scrolls of blinking {unknown}
 d - 4 scrolls of identify {unknown}
 e - 2 scrolls of amnesia {unknown}
 g - a scroll of fear {unknown}
 t - 2 scrolls of teleportation {unknown}
 v - 3 scrolls of noise {unknown}
 w - a scroll of silence {unknown}
Potions
 f - a potion of might {unknown}
 h - a potion of ambrosia {unknown}
 i - a potion of heal wounds {unknown}
 l - a potion of resistance {unknown}
 p - a potion of flight {unknown}
 q - 2 potions of curing {unknown}
 r - 4 potions of mutation {unknown}
 x - a potion of haste {unknown}
 A - a potion of lignification {unknown}
 B - 2 potions of attraction {unknown}


   Skills:
 + Level 6.1 Fighting
 * Level 7.9 Axes
 * Level 4.6 Throwing
 - Level 2.4 Armour
 - Level 2.1 Dodging
 * Level 3.2 Evocations


You had 7 spell levels left.
You didn't know any spells.
Your spell library was empty.

Dungeon Overview and Level Annotations

Branches:
Dungeon (6/15)             Temple (0/1) D:4

Altars:
Cheibriados
Gozag
Kikubaaqudgha
Ru
Uskayaw
Wu Jian
Zin
The Shining One

Shops:
D:1 ?

Annotations:
D:4 2 transporters, DocClef's ghost, novice GnFE


Innate Abilities, Weirdness & Mutations

You have a pair of horns on your head.
You reflexively headbutt those who attack you in melee.


Message History

You start resting.
HP restored.
Items here: )) [[ ÷.
Items here: ))) ÷.
Things that are here:
a +0 club; a gnoll skeleton
Found 16 bolts.
A two-headed ogre comes into view.
It is wielding a +0 giant spiked club and a +0 giant club.
A two-headed ogre is nearby!
The two-headed ogre hits you with a +0 giant spiked club.
The two-headed ogre hits you with a +0 giant club.
You barely miss the two-headed ogre. You headbutt the two-headed ogre!
The two-headed ogre is lightly wounded.
The two-headed ogre hits you with a +0 giant spiked club!
You block the two-headed ogre's attack.
You hit the two-headed ogre.
Your weapon exudes an aura of protection.
The two-headed ogre is lightly wounded.
The two-headed ogre hits you but does no damage.
The two-headed ogre barely misses you.
You hit the two-headed ogre but do no damage.
The two-headed ogre is lightly wounded.
The two-headed ogre hits you with a +0 giant spiked club.
The two-headed ogre closely misses you.
You thump the two-headed ogre!
The two-headed ogre is moderately wounded.
The two-headed ogre barely misses you.
The two-headed ogre hits you with a +0 giant club!
You are too injured to fight recklessly!
You are too injured to fight recklessly!
You thump the two-headed ogre!
The two-headed ogre is heavily wounded.
The two-headed ogre hits you with a +0 giant spiked club!
* * * LOW HITPOINT WARNING * * *
The two-headed ogre barely misses you.
You barely miss the two-headed ogre.
The two-headed ogre is heavily wounded.
The two-headed ogre closely misses you.
The two-headed ogre hits you with a +0 giant club!!
You die...

....... #.### ###
.#........# #...# #<#
#.........# #...# #.#
..........# #...## #.#
..........###......#.#
..... ........###.#.#
# #...###.#......#.#.#
#
#..#..........##.#.###
#.O@..#.##.....#....
#.(....#.##.))..#....
####...#.##.#)#.#.###
.....#........#....
......#.####...#####
........#.# ##..<..#
........#.# #.>...#
#########.# ###...##
#.....


You could see a two-headed ogre.

Vanquished Creatures
  An orc warrior (D:6)
  A sky beast (D:4)
  A necrophage (D:6)
  A kobold brigand (D:5)
  3 scorpions (D:5)
  2 hounds
  A gnoll shaman (D:6)
  A jelly (D:2)
  2 orc priests
  2 bullfrog skeletons (D:5)
  Terence (D:2)
  2 iguanas
  An orc wizard (D:5)
  2 hound skeletons (D:4)
  4 gnolls (D:6)
  4 adders
  2 shadow imps (D:5)
  An adder zombie (D:5)
  2 worms
  3 dart slugs
  8 orcs
  5 endoplasms
  2 giant cockroaches
  5 goblins
  4 hobgoblins
  8 jackals
  11 kobolds
  5 quokkas
  2 ball pythons
  4 bats
  4 frilled lizards
  A rat (D:1)
96 creatures vanquished.

Notes
Turn   | Place    | Note
-------+----------+-------------------------------------------
     0 | D:1      | LustLizard the Minotaur Berserker began the quest for the
                  | Orb.
     0 | D:1      | Reached XP level 1. HP: 19/19 MP: 0/0
    22 | D:1      | Found Liqac's Magic Scroll Shop.
   183 | D:1      | Reached skill level 4 in Axes
   288 | D:1      | Reached XP level 2. HP: 27/27 MP: 1/1
   738 | D:2      | Reached ** piety under Trog
   748 | D:2      | Noticed Terence
   755 | D:2      | Reached XP level 3. HP: 14/33 MP: 2/2
   780 | D:2      | Killed Terence
   781 | D:2      | Reached skill level 5 in Axes
  1146 | D:2      | Found a faded altar of an unknown god.
  1206 | D:2      | Reached XP level 4. HP: 35/41 MP: 3/3
  1251 | D:2      | You fall into a shaft and drop 1 floor!
  1255 | D:3      | Reached skill level 1 in Throwing
  2348 | D:3      | Reached XP level 5. HP: 37/47 MP: 4/4
  2491 | D:4      | Reached skill level 6 in Axes
  2523 | D:4      | Found a glowing silver altar of Zin.
  2585 | D:4      | Found a staircase to the Ecumenical Temple.
  2604 | D:4      | Reached skill level 5 in Fighting
  2814 | D:4      | Noticed DocClef's ghost (novice GnFE)
  2815 | D:4      | Found a transporter.
  2846 | D:4      | Found a transporter.
  2873 | D:4      | Found an ancient bone altar of Kikubaaqudgha.
  2878 | D:4      | Found a hide-covered altar of Uskayaw.
  2878 | D:4      | Found an ornate altar of the Wu Jian Council.
  2884 | D:4      | Reached XP level 6. HP: 56/56 MP: 5/5
  2887 | D:4      | Noticed a sky beast
  2899 | D:4      | Killed a sky beast
  2900 | D:4      | Reached skill level 1 in Evocations
  2933 | D:4      | Found a glowing golden altar of the Shining One.
  2933 | D:4      | Found a sacrificial altar of Ru.
  3119 | D:4      | Reached *** piety under Trog
  3285 | D:5      | Entered Level 5 of the Dungeon
  3426 | D:5      | Reached skill level 7 in Axes
  3426 | D:5      | Reached XP level 7. HP: 56/61 MP: 6/6
  3788 | D:5      | Found a snail-covered altar of Cheibriados.
  4397 | D:6      | Found an opulent altar of Gozag.
  4448 | D:6      | Reached XP level 8. HP: 29/70 MP: 7/7
  4715 | D:6      | Noticed a two-headed ogre
  4723 | D:6      | Slain by a two-headed ogre

Illustrated notes

Levels and vault maps discovered:
D:1:      dpeg_arrival_line_fractal, layout_rooms, serial_shops, shop,
          minmay_tripent
D:2:      layout_basic, hellmonk_ecumenical_altar_pennies_from_heaven,
          uniq_terence
D:3:      layout_basic
D:4:      layout_loops_ring, zin_treasury, grunt_temple_overflow_open,
          mainiacjoe_overflow_divided_tiny, minmay_temple_entry_ruins,
          gammafunk_ghost_arena
D:5:      layout_basic, mainiacjoe_overflow_tiny_flanked
D:6:      layout_basic, nicolae_gozag_cash_rules_everything_around_me,
          gammafunk_ghost_cemetery, hangedman_decor_diamond_cutter,
          minmay_small_thing

Skill      XL: |  1  2  3  4  5  6  7 |
---------------+----------------------+-----
Axes           | 4 5 6 7 |  7.9
Fighting       | 4 5 6 |  6.1
Throwing       | 1 2 3 4 |  4.6
Evocations     | 1 3 |  3.2
Armour         | |  2.4
Dodging        | |  2.1

Action                   |  1- 3 |  4- 6 |  7- 9 || total
-------------------------+-------+-------+-------++-------
Melee: Hand axe          |    39 |       |       ||    39
       Headbutt          |    11 |    17 |    12 ||    40
       Flail             |     4 |   117 |    59 ||   180
Invok: Berserk           |     1 |       |     1 ||     2
Armor: Animal skin       |     3 |       |       ||     3
       Scale mail        |     3 |     7 |       ||    10
       Ring mail         |       |    59 |    34 ||    93
Dodge: Dodged            |    26 |    48 |    35 ||   109
Block: Buckler           |       |    25 |    11 ||    36
